 Dungeon Crawl Stone Soup version 0.28.0-53-g5a82cb258f (webtiles) character file.

Game seed: 6797642692285452531

10492 issech the Protected (level 11, 0/85 HPs)
             Began as a Minotaur Monk on June 17, 2022.
             Was an Elder of Hepliaklqana.
             Slain by Erica
             ... wielding a +4 scimitar of flaming
              (6 damage)
             ... on level 10 of the Dungeon.
             The game lasted 00:44:39 (11621 turns).

issech the Protected (Minotaur Monk)               Turns: 11621, Time: 00:44:40

Health: 0/85       AC: 26    Str: 26    XL:     11   Next: 36%
Magic:  0/10       EV: 11    Int: 12    God:    Hepliaklqana [****..]
Gold:   541        SH: 12    Dex: 22    Spells: 10/10 levels left

rFire   . . .      SeeInvis .   E - +3 dagger (venom)
rCold   . . .      Faith    .   W - +0 kite shield
rNeg    . . .      Spirit   +   s - +4 chain mail of the Ant {Rampage Int+3}
rPois   .          Reflect  .   (helmet restricted)
rElec   .          Harm     .   T - +0 cloak
rCorr   .          Rampage  +   A - +2 pair of gloves
Will    .....                   I - +0 pair of boots
Stlth   ..........              h - amulet "Ukus" {Spirit Contam Str+9 Int+2}
HPRegen 0.24/turn               g - +6 ring of dexterity
MPRegen 0.12/turn               w - +4 ring of protection

@: lethally poisoned (0 -> -4)
A: reduced essence, horns 2, retaliatory headbutt
a: Renounce Religion, Recall Ancestor, Ancestor Identity, Transference, Idealise


You were on level 10 of the Dungeon.
You worshipped Hepliaklqana.
Hepliaklqana was greatly pleased with you.
You visited 2 branches of the dungeon, and saw 12 of its levels.

You collected 552 gold pieces.
You spent 11 gold pieces at shops.

Inventory:

Hand Weapons
 e - the +3 hunting sling of Focus {speed, rElec Stlth+}
   (You found it on level 6 of the Dungeon)

   Attacks with this weapon are significantly faster.
   rElec:     It insulates you from electricity.
   Stlth:     It makes you more stealthy.
 E - a +3 dagger of venom (weapon)
 K - a +3 flail
 Q - a +3 dagger of chaos
 Z - a +5 short sword of protection
Missiles
 b - 4 atropa-tipped darts
 c - 216 stones (quivered)
 i - 166 arrows
 t - 29 poisoned darts
 u - 11 boomerangs
 x - 73 bolts
 B - 2 javelins
 H - 89 sling bullets
 S - 2 throwing nets
Armour
 a - +1 steam dragon scales
 n - the +4 skin of Zhor {*Englaciate rC+++ SInv}
   (You found it on level 9 of the Dungeon)

   It radiates cold, occasionally slowing all nearby creatures who are not
   resistant to cold.
   rC:        It renders you almost immune to cold.
   SInv:      It lets you see invisible.
 s - the +4 chain mail of the Ant (worn) {Rampage Int+3}
   (You acquired it on level 6 of the Dungeon)

   Int:       It affects your intelligence (+3).
   Rampage:   It bestows one free step when moving towards enemies.
 A - a +2 pair of gloves (worn)
 I - a +0 pair of boots (worn)
 L - a +2 ring mail of poison resistance
 T - a +0 cloak (worn)
 U - a +1 plate armour of fire resistance
 W - a +0 kite shield (worn)
Jewellery
 g - a +6 ring of dexterity (left hand)
 h - the amulet "Ukus" (around neck) {Spirit Contam Str+9 Int+2}
   (You acquired it on level 3 of the Dungeon)

   [amulet of guardian spirit]

   It causes incoming damage to be divided between your reserves of health and
   magic.
   Str:       It affects your strength (+9).
   Int:       It affects your intelligence (+2).
   Contam:    It causes magical contamination when unequipped.
 v - a ring of willpower
 w - a +4 ring of protection (right hand)
 C - the ring of Muategg {MP+9 Int-2 Dex+5}
   (You found it on level 6 of the Dungeon)

   [ring of magical power]

   Int:       It affects your intelligence (-2).
   Dex:       It affects your dexterity (+5).
   MP:        It affects your magic capacity (+9).
 Y - a ring of protection from cold
Wands
 N - a wand of acid (1)
 O - a wand of flame (8)
 P - a wand of iceblast (3)
Scrolls
 d - a scroll of summoning
 k - 3 scrolls of teleportation
 y - a scroll of blinking
 z - 2 scrolls of brand weapon
 F - a scroll of noise {unknown}
 G - a scroll of enchant weapon
 J - a scroll of fog
 X - 2 scrolls of enchant armour
Potions
 f - 2 potions of resistance {unknown}
 j - 2 potions of mutation {unknown}
 l - a potion of invisibility {unknown}
 m - 3 potions of brilliance {unknown}
 o - 3 potions of attraction {unknown}
 p - a potion of flight {unknown}
 q - a potion of cancellation {unknown}
 r - 2 potions of heal wounds {unknown}
 D - 3 potions of lignification {unknown}
 M - 2 potions of ambrosia {unknown}
 R - a potion of haste {unknown}
Miscellaneous
 V - a phial of floods


   Skills:
 + Level 8.4 Fighting
 + Level 8.7 Short Blades
 + Level 4.5(5.2) Axes
 + Level 3.9(5.0) Maces & Flails
 + Level 7.2 Slings
 + Level 0.1(4.0) Throwing
 + Level 10.9 Armour
 + Level 5.6 Dodging
 + Level 3.5 Stealth
 + Level 7.9 Shields


You had 10 spell levels left.
You didn't know any spells.
Your spell library contained the following spells:

 Spells                   Type           Power      Damage    Failure   Level
 Shock                    Conj/Air       0%         1d3       98%         1
 Sting                    Tmut/Pois      0%         1d3       98%         1
 Ensorcelled Hibernation  Hex/Ice        0%         N/A       99%         2
 Passwall                 Tmut/Erth      0%         N/A       99%         2
 Poisonous Vapours        Pois/Air       0%         N/A       99%         2
 Conjure Flame            Conj/Fire      0%         6-21      100%        3
 Ignite Poison            Fire/Tmut/Pois 0%         N/A       100%        3
 Swiftness                Air            0%         N/A       100%        3
 Airstrike                Air            0%         N/A       100%        4
 Olgreb's Toxic Radiance  Pois           0%         N/A       100%        4
 Sticky Flame             Conj/Fire      0%         2d3       100%        4
 Dispersal                Tloc           0%         N/A       100%        6
 Disjunction              Tloc           0%         N/A       100%        8


Dungeon Overview and Level Annotations

Branches:
Dungeon (11/15)            Temple (1/1) D:5            Lair (0/6) D:8
    Orc: D:9-12

Altars:
Ashenzari
Cheibriados
Dithmenos
Elyvilon
Fedhas
Gozag
Hepliaklqana
Kikubaaqudgha
Makhleb
Nemelex Xobeh
Okawaru
Qazlal
Ru
Sif Muna
Trog
Uskayaw
Vehumet
Wu Jian
Xom
Yredelemnul
Zin
The Shining One

Shops:
D:3 *   D:5 !   D:10 (

Annotations:
D:6 3 runed translucent doors, Cheops's ghost, novice TrFi
D:10 Erica


Innate Abilities, Weirdness & Mutations

Your life essence is reduced to manifest your ancestor. (-10% HP)
You have a pair of horns on your head.
You reflexively headbutt those who attack you in melee.


Message History

The freezing wraith hits you but does no damage.
Erica casts a spell at you. The lance of force hits you.
You stop ascending the stairs.
You are knocked back by the lance of force.
You slam into the rock wall!
You rampage towards Erica!
Ammiditana casts a spell at the freezing wraith.
The stone arrow misses the freezing wraith.
The freezing wraith barely misses you. You block the freezing wraith's attack.
The wraith completely misses Ammiditana.
Erica casts a spell at you.
The bolt of poison hits you but does no damage.
You are poisoned.
There is a stone staircase leading up here.
You feel very sick.
Ammiditana casts a spell at the freezing wraith.
The stone arrow hits the freezing wraith but does no damage.
The wraith hits Ammiditana but does no damage.
You block the freezing wraith's attack. x2
Erica hits you with a +4 scimitar of flaming!
Erica burns you!
You climb upwards.
You feel very sick.
There is a stone staircase leading down here.
You closely miss Erica.
You feel sick.
You hit Erica but do no damage.
Erica is poisoned.
You headbutt Erica!
Erica is lightly wounded.
You feel sick.
Erica casts a spell.
Erica flickers and vanishes!
Deactivating autopickup; reactivate with Ctrl-A.
The freezing wraith hits you! The freezing wraith freezes you!!
* * * LOW HITPOINT WARNING * * *
You block the freezing wraith's attack.
You hit something but do no damage. You headbutt something.
You feel sick.
Ammiditana hits something with a +0 quarterstaff!!
Something hits you!
* * * LOW HITPOINT WARNING * * *
Something burns you!
You die...

.....# #..........#
#...# #.# .....#
#..........# #...# #.#
.....# #..........#
#...# #.# .....#
#..........# #...# #.#
.....# #..........#
#...# #.# .....#
#..........# #...# #.#
.....# #..........#
#...# #.# .....#
#.[........# #...# #.#
.....# #.....W@...#
#...# #.# !....#
#.....{R..[# #...# #.#
[....# #..........#
#.∩.# #.# .....#
#..........# #...# #.#
.....# #..........#
#...# #.# .....#
#..........# #...# #.#
.....# #..........#
#...# #.# .....#
#..........####...####.#
.....#
#.......................


You could see the friendly Ammiditana the battlemage and a freezing wraith.

Vanquished Creatures
  A death yak (D:8)
  An elephant (D:8)
  2 trolls (D:9)
  2 hornets (D:9)
  2 wyverns
  5 yaks
  A water moccasin (D:7)
  A hornet zombie (D:9)
  2 orc warriors
  A black bear (D:8)
  An ogre (D:4)
  A necrophage (D:5)
  2 centaurs
  3 phantoms
  A kobold brigand (D:7)
  2 bullfrogs
  2 gnoll sergeants (D:9)
  3 scorpions
  A water moccasin zombie (D:5)
  A water moccasin skeleton (D:4)
  An oklob sapling (D:5)
  2 wights (D:8)
  2 howler monkeys (D:10)
  2 centaur zombies
  3 hounds
  A jelly (D:7)
  A bullfrog skeleton (D:6)
  2 gnoll shamans
  An orc priest (D:5)
  A centaur skeleton (D:5)
  2 iguanas (D:5)
  14 orc wizards
  Robin (D:2)
  13 gnolls
  7 adders
  A shadow imp (D:6)
  A white imp (D:7)
  An ufetubus (D:2)
  2 adder skeletons (D:4)
  4 worms
  3 dart slugs
  28 orcs
  11 ball pythons
  6 bats
  9 endoplasms
  3 giant cockroaches
  21 goblins
  21 hobgoblins
  16 kobolds
  5 frilled lizards
  6 rats
226 creatures vanquished.

Vanquished Creatures (collateral kills)
  A two-headed ogre (D:9)
  Maggie (D:9)
  Maurice (D:9)
  A gargoyle (D:10)
  Psyche (D:9)
  A vampire (D:10)
  A wraith (D:9)
  7 yaks
  2 wyverns (D:9)
  A basilisk (D:8)
  A steam dragon (D:9)
  An acid dragon (D:9)
  A water moccasin (D:6)
  3 orc warriors
  Blork the orc (D:6)
  6 wights (D:8)
  4 howler monkeys
  A centaur zombie (D:9)
  2 hounds
  A gnoll shaman (D:8)
  A centaur skeleton (D:7)
  An orc wizard (D:9)
  A howler monkey zombie (D:6)
  A gnoll (D:7)
  A white imp (D:6)
  5 orcs
  A kobold (D:7)
49 creatures vanquished.

Vanquished Creatures (others)
  2 battlemagi (D:8)
  4 fungi
  31 plants
37 creatures vanquished.

Grand Total: 312 creatures vanquished

Notes
Turn   | Place    | Note
-------+----------+-------------------------------------------
     0 | D:1      | issech the Minotaur Monk began the quest for the Orb.
     0 | D:1      | Reached XP level 1. HP: 19/19 MP: 0/0
   240 | D:1      | Reached XP level 2. HP: 27/27 MP: 1/1
  1215 | D:2      | Reached XP level 3. HP: 30/33 MP: 2/2
  1275 | D:2      | Reached skill level 1 in Short Blades
  1288 | D:2      | Noticed Robin
  1318 | D:2      | Killed Robin
  1319 | D:2      | Reached skill level 1 in Armour
  1319 | D:2      | Reached XP level 4. HP: 25/40 MP: 3/3
  1932 | D:2      | Found a faded altar of an unknown god.
  2366 | D:3      | Reached skill level 2 in Armour
  2470 | D:3      | Reached XP level 5. HP: 47/47 MP: 4/4
  2613 | D:3      | Found Loiruof's Assorted Antiques.
  2644 | D:3      | Identified a scroll of acquirement
  2704 | D:3      | Acquired the amulet "Ukus" {Spirit Contam Str+9 Int+2}
  3152 | D:4      | Noticed an ogre
  3161 | D:4      | Killed an ogre
  3162 | D:4      | Reached skill level 3 in Armour
  3162 | D:4      | Reached XP level 6. HP: 38/53 MP: 2/5
  3665 | D:4      | Reached skill level 4 in Armour
  4126 | D:5      | Entered Level 5 of the Dungeon
  4141 | D:5      | Reached skill level 5 in Fighting
  4141 | D:5      | Reached XP level 7. HP: 61/61 MP: 6/6
  4163 | D:5      | Reached skill level 1 in Slings
  4226 | D:5      | Reached skill level 5 in Short Blades
  4402 | D:5      | Found Toniwn's Distillery.
  4426 | D:5      | Reached skill level 5 in Armour
  4473 | D:5      | Found a staircase to the Ecumenical Temple.
  4802 | D:5      | Reached XP level 8. HP: 68/68 MP: 7/7
  5226 | Temple   | Entered the Ecumenical Temple
  5268 | Temple   | Became a worshipper of Hepliaklqana the Forgotten
  5268 | Temple   | Reached * piety under Hepliaklqana
  5268 | Temple   | Reached ** piety under Hepliaklqana
  5269 | Temple   | Remembered your ancestor Ammiditana as a battlemage
  5532 | D:6      | Noticed Blork the orc
  5538 | D:6      | Killed Blork the orc
  5539 | D:6      | Reached skill level 1 in Maces & Flails
  5678 | D:6      | Identified the +3 hunting sling of Focus {speed, rElec
                  | Stlth+}
  5692 | D:6      | Reached skill level 6 in Armour
  5998 | D:6      | Identified the ring of Muategg {MP+9 Int-2 Dex+5}
  6093 | D:6      | Acquired the +4 chain mail of the Ant {Rampage Int+3}
  6209 | D:6      | Found a runed translucent gate.
  6209 | D:6      | Found a runed translucent gate.
  6209 | D:6      | Found a runed translucent gate.
  6210 | D:6      | Noticed Cheops's ghost (novice TrFi)
  6782 | D:5      | Bought a potion of degeneration for 11 gold pieces
  6916 | D:7      | Reached *** piety under Hepliaklqana
  7041 | D:7      | Found a sparkling altar of Nemelex Xobeh.
  7075 | D:7      | Reached skill level 5 in Slings
  7075 | D:7      | Reached skill level 7 in Armour
  7075 | D:7      | Reached XP level 9. HP: 61/67 MP: 8/8
  8018 | D:8      | Noticed an elephant
  8053 | D:8      | Killed an elephant
  8054 | D:8      | Reached skill level 1 in Shields
  8082 | D:8      | Found a staircase to the Lair.
  8083 | D:8      | Noticed a death yak
  8410 | D:8      | Killed a death yak
  8411 | D:8      | Reached skill level 8 in Armour
  8574 | D:7      | Found an ancient bone altar of Kikubaaqudgha.
  8574 | D:7      | Found a sacrificial altar of Ru.
  8673 | D:8      | Reached skill level 5 in Dodging
  8673 | D:8      | Reached XP level 10. HP: 77/77 MP: 9/9
  9306 | D:9      | Noticed Maggie
  9317 | D:9      | Killed Maggie
  9383 | D:9      | Noticed Psyche
  9393 | D:9      | Killed Psyche
  9394 | D:9      | Reached skill level 9 in Armour
  9447 | D:9      | Reached skill level 5 in Shields
  9645 | D:9      | Noticed a two-headed ogre
  9662 | D:9      | Killed a two-headed ogre
  9668 | D:9      | Reached skill level 10 in Armour
  9924 | D:9      | Reached XP level 11. HP: 75/84 MP: 8/10
 10031 | D:9      | Found the +4 skin of Zhor {*Englaciate rC+++ SInv}
 10250 | D:9      | Noticed Maurice
 10260 | D:9      | Killed Maurice
 10558 | D:9      | Reached **** piety under Hepliaklqana
 10646 | D:10     | Entered Level 10 of the Dungeon
 10995 | D:10     | Found Ximp's Weapon Shop.
 11101 | D:10     | Noticed a two-headed ogre
 11103 | D:10     | Noticed a two-headed ogre
 11614 | D:11     | Noticed Erica
 11614 | D:11     | Noticed a death knight
 11614 | D:11     | Noticed a skeletal warrior
 11621 | D:10     | Slain by Erica

Illustrated notes

Levels and vault maps discovered:
D:1:      dpeg_arrival_pond, layout_loops_ring, hangedman_glass_teeth
D:2:      layout_loops_ring, shapermc_ecumenical_altar_acropolis,
          corexii_leaking_fountain, minmay_indecisive_spiral, uniq_robin
D:3:      minmay_door_path, layout_basic, serial_shops, shop,
          kennysheep_pointless_box, dk_noncrumbling_3
D:4:      corexii_shantytown, layout_rooms
D:5:      layout_loops_ring, minmay_temple_entry_oklob, serial_shops,
          nicolae_take_the_stairs, kennysheep_generic_room_9
D:6:      layout_basic, gammafunk_ghost_necromancy, kennysheep_cross_bottleneck,
          uniq_blork_the_orc
D:7:      layout_gridville, overflow_temple_1_default,
          nicolae_overflow_hidden_temple,
          nicolae_concentric_dashed_squares_wild, minmay_misc_feat_tiny,
          minmay_small_thing
D:8:      layout_basic, david_lair_generic, serial_bayou_pond_c
D:9:      minmay_octagon_keep, layout_loops_corners, dk_noncrumbling_4,
          uniq_maggie, uniq_psyche, uniq_maurice
D:10:     layout_long_grid, serial_shops, shop
D:11:     layout_roguey, minmay_orc_entry_guard_dogs, uniq_erica, uniq_josephine
Temple:   mainiacjoe_temple_bowtie_tessellation

Skill      XL: |  1  2  3  4  5  6  7  8  9 10 11 |
---------------+----------------------------------+-----
Axes           | 4 |  4.5
Fighting       | 4 5 6 7 8 |  8.4
Short Blades   | 1 2 3 4 6 7 8 |  8.7
Armour         | 1 2 3 4 5 7 8 10 | 10.9
Dodging        | 4 5 |  5.6
Stealth        | 2 3 |  3.5
Slings         | 2 5 7 |  7.2
Maces & Flails | 2 3 |  3.9
Shields        | 3 6 7 |  7.9
Throwing       | |  0.1

Action                   |  1- 3 |  4- 6 |  7- 9 | 10-12 || total
-------------------------+-------+-------+-------+-------++-------
Melee: Hand axe          |    16 |       |       |       ||    16
       Headbutt          |     6 |    42 |    46 |    55 ||   149
       Rapier            |    51 |   185 |       |       ||   236
       Dagger            |       |    25 |   130 |   206 ||   361
       Punch             |       |     1 |     2 |       ||     3
       Mace              |       |       |    39 |       ||    39
       Short sword       |       |       |       |    13 ||    13
 Fire: Hunting sling     |       |     6 |   127 |       ||   133
Throw: Stone             |       |       |     1 |       ||     1
Invok: Ancestor Life: Ba |       |       |     1 |       ||     1
  Use: Scroll            |       |     5 |     6 |     2 ||    13
       Potion            |       |       |       |     1 ||     1
 Stab: Distracted        |       |       |     2 |     5 ||     7
Armor: Robe              |     5 |       |       |       ||     5
       Ring mail         |    16 |     1 |       |       ||    17
       Chain mail        |       |    92 |   159 |    91 ||   342
Dodge: Dodged            |    53 |    82 |    84 |    52 ||   271
Block: Kite shield       |       |       |    53 |   104 ||   157
